Map: Acropolis LE

Players

RexRequired

  • Race: Terran Terran
  • League: Master
  • Spawn Location: 5:00

Mordekaiser

  • Race: Terran Terran
  • League: Gold
  • Spawn Location: 11:00

A.I. 2 (Very Easy)

  • Race: Protoss Protoss

VOD

Have the link to the VOD?

Description

Time

  • Played on: Aug. 1, 2019, 7:03 p.m.
  • Length: 8:18
Show
View Real Time Build Order
Export as new Build Order

RexRequired Terran 

Build Orders: Reaper Expand 

Get SALT Encoding   

  12  0:00  SCV  
  13  0:12  SCV  
  14  0:17  Supply Depot  
  14  0:24  SCV  
  15  0:38  SCV  
  15  0:41  Barracks  
  16  0:45  Refinery  
  16  0:50  SCV  
  17  1:02  SCV  
  18  1:15  SCV  
  19  1:28  Reaper, Orbital Command  
  20  1:40  Command Center  
  20  1:53  Supply Depot  
  21  1:54  SCV  
  21  2:00  Marine  
  22  2:06  SCV  
  23  2:11  Factory  
  23  2:15  Refinery  
  23  2:18  SCV  
  24  2:23  Barracks Reactor  
  24  2:30  SCV  
  25  2:42  SCV  
  26  2:52  Orbital Command  
  26  2:54  SCV  
  26  2:55  Starport  
  26  2:57  Widow Mine  
  29  3:00  Marine  
  29  3:01  Marine  
  31  3:06  SCV  
  32  3:18  SCV  
  32  3:19  SCV, Marine x2  
  34  3:20  Factory Tech Lab  
  34  3:26  Barracks  
  36  3:30  SCV  
  36  3:31  Supply Depot, SCV  
  38  3:40  Marine  
  38  3:41  Marine  
  40  3:42  SCV  
  40  3:45  Barracks  
  40  3:46  Raven, Factory Tech Lab  
  43  3:49  SCV  
  43  3:54  SCV  
  45  3:58  Marine x2  
  45  4:01  Supply Depot  
  47  4:06  Siege Tank  
  47  4:09  SCV x2, Bunker  
  52  4:16  Refinery, Marine  
  54  4:23  SCV x2  
  55  4:26  Supply Depot  
  55  4:27  Supply Depot  
  55  4:35  SCV x2  
  55  4:37  Starport Reactor  
  57  4:39  Stimpack, Marine x3  
  60  4:47  SCV x2  
  60  4:49  Engineering Bay, Marine, Factory Tech Lab  
  63  4:57  Combat Shield, Marine x3  
  63  4:59  SCV x2  
  68  5:04  Refinery  
  68  5:05  Supply Depot  
  68  5:09  Siege Tank  
  68  5:11  SCV x2  
  68  5:13  Marauder  
  75  5:15  Marine, Marauder  
  78  5:22  Supply Depot  
  78  5:25  Supply Depot  
  78  5:27  SCV, Marine  
  78  5:28  Terran Infantry Weapons Level 1  
  80  5:30  SCV  
  80  5:34  Marine  
  82  5:37  Marauder x2  
  86  5:45  Siege Tank  
  86  5:46  Supply Depot  
  86  5:47  Supply Depot  
  91  5:53  Marine x2  
  91  5:58  Marauder x2  
  95  6:05  Medivac x2, Supply Depot  
  95  6:08  Supply Depot  
  99  6:12  Marine x2  
  101  6:19  Marauder  
  101  6:20  Siege Tank, Marauder  
  108  6:30  Concussive Shells, Marine x2  
  110  6:38  Command Center  
  110  6:41  Marauder x2  
  114  6:47  Marine  
  114  6:48  Marine  
  119  7:00  Factory Reactor  
  116  7:02  Marauder x2  
  116  7:04  Medivac x2  
  124  7:08  Marine x2  
  124  7:09  Barracks x2  
  124  7:10  SCV x2  
  128  7:24  Marauder x2  
  128  7:25  Supply Depot  
  128  7:26  Supply Depot, Marine x2  
  134  7:39  Supply Depot  
  134  7:40  Supply Depot  
  134  7:46  Marine x2  
  134  7:47  Widow Mine x2, Marauder  
  134  7:48  Marauder  
  144  7:58  Barracks Reactor  
  156  8:15  Supply Depot x2  
  156  8:17  Supply Depot  
Show
View Real Time Build Order
Export as new Build Order

Mordekaiser Terran 

Build Orders:  

Get SALT Encoding   

  12  0:00  Probe  
  13  0:13  Probe  
  14  0:19  Pylon  
  14  0:37  Assimilator  
  14  0:43  Gateway  
  14  0:45  Pylon  
  14  1:13  Assimilator  
  14  1:16  Probe  
  14  1:24  Probe  
  16  1:32  Probe  
  16  1:33  Cybernetics Core  
  17  1:43  Probe  
  18  1:55  Probe  
  18  1:59  Warp Gate  
  19  2:03  Probe  
  20  2:10  Stalker  
  22  4:15  Probe  
  22  5:24  Zealot  
  22  5:26  Pylon, Probe  
  22  5:27  Robotics Facility  
  25  5:38  Probe  
  26  5:50  Probe  
  27  6:02  Probe  
  28  6:07  Pylon  
  28  6:11  Observer  
  26  6:14  Probe  
  28  6:21  Zealot  
  30  6:27  Probe  
  30  6:28  Observer  
  32  7:02  Nexus  
  32  7:17  Stalker  
Show
View Real Time Build Order
Export as new Build Order

A.I. 2 (Very Easy) Protoss 

Build Orders:  

Get SALT Encoding   

Tags
 
Add a new tag
Caveats
  • Supply blocks, unpowered buildings, or Contaminate may cause inaccurate times.
  • Supply counts are checked every 10 seconds.